 Dungeon Crawl Stone Soup version 0.20-a0-470-gbb038bd (webtiles) character file.

140401 hairmachine the Warrior (level 17, 0/150 HPs)
             Began as a Barachian Berserker on Jan 7, 2017.
             Was the Champion of Trog.
             Slain by a jumping spider (2 damage)
             ... on level 2 of the Spider Nest on Jan 13, 2017.
             The game lasted 02:43:01 (45607 turns).

hairmachine the Warrior (Barachian Berserker)      Turns: 45607, Time: 02:43:05

Health: 0/150      AC: 23    Str: 21    XL:     17   Next: 30%
Magic:  21/21      EV: 12    Int:  6    God:    Trog [******]
Gold:   1608       SH: 12    Dex: 11    Spells: 16/16 levels left

rFire  . . .     SeeInvis .     f - +4 eveningstar (drain) {god gift}
rCold  . . .     Gourm    .     D - +0 plate armour
rNeg   . . .     Faith    +     H - +0 shield
rPois  +         Spirit   .     d - +0 helmet
rElec  .         Reflect  .     B - -1 cloak (curse)
rCorr  .         Harm     .     x - +1 pair of gloves
MR     +....                    v - +0 pair of boots
Stlth  ..........               I - amulet of faith {Faith}
                                p - ring of poison resistance {rP+, !d}
                                e - +3 ring of evasion

@: can't hop, hasted, quick
A: swims, slowness 1, strong legs 2
a: Hop, Berserk, Trog's Hand, Brothers in Arms, Burn Spellbooks, Renounce
Religion


You were on level 2 of the Spider Nest.
You worshipped Trog.
Trog was exalted by your worship.
You were not hungry.

You visited 3 branches of the dungeon, and saw 24 of its levels.
You also visited: Ossuary.

You collected 1608 gold pieces.


Innate Abilities, Weirdness & Mutations

You can swim through water.
You cover ground slowly.
You can hop longer distances.


   Skills:
 + Level 18.2 Fighting
 - Level 16.0 Maces & Flails
 - Level 14.2 Armour
 - Level 5.7 Dodging
 + Level 12.3 Shields
 - Level 6.0 Evocations


You had 16 spell levels left.
You didn't know any spells.

Inventory:

Hand Weapons
 f - a +4 eveningstar of draining (weapon) {god gift}
   (Trog gifted it to you on level 15 of the Dungeon)
 G - a +0 great mace
   (You took it off a two-headed ogre on level 12 of the Dungeon)
Missiles
 y - 6 poisoned needles
 Y - 3 javelins of returning (quivered) {god gift}
Armour
 d - a +0 helmet (worn)
   (You found it on level 2 of the Spider Nest)
 v - a +0 pair of boots (worn)
   (You found it on level 4 of the Dungeon)
 x - a +1 pair of gloves (worn)
   (You found it on level 3 of the Dungeon)
 B - a cursed -1 cloak (worn)
   (You took it off Maurice on level 9 of the Dungeon)
 D - a +0 plate armour (worn)
   (You found it on level 6 of the Dungeon)
 H - a +0 shield (worn)
   (You found it in an ossuary)
Jewellery
 e - a +3 ring of evasion (left hand)
   (You found it on level 3 of the Dungeon)
 j - an uncursed ring of ice {unknown}
   (You found it on level 2 of the Spider Nest)
 p - a ring of poison resistance (right hand) {rP+, !d}
   (You found it on level 4 of the Lair of Beasts)
 I - an amulet of faith (around neck) {Faith}
   (You found it on level 5 of the Lair of Beasts)
Wands
 a - a wand of scattershot (0/9)
   (You took it off Nergalle on level 11 of the Dungeon)
 r - a wand of paralysis (12/24)
   (You found it on level 5 of the Lair of Beasts)
 u - a wand of enslavement (10/24)
   (You found it on level 12 of the Dungeon)
 C - a wand of lightning (0/15)
   (You found it on level 6 of the Dungeon)
 P - a wand of confusion (16/48)
   (You found it on level 5 of the Lair of Beasts)
 W - a wand of clouds (2/9)
   (You found it on level 3 of the Lair of Beasts)
Scrolls
 h - 12 scrolls of remove curse {!r}
 i - 4 scrolls of enchant armour {!r}
 n - 5 scrolls of magic mapping {!r}
 q - 10 scrolls of identify {!r}
 t - 5 scrolls of teleportation {!r}
 A - 2 scrolls of recharging {!r, unknown}
 F - 2 scrolls of summoning {!r}
 K - a scroll of fear {!r}
 L - 2 scrolls of blinking {!r}
 N - a scroll of fog {!r, unknown}
 R - a scroll of holy word {!r, unknown}
 V - 2 scrolls of brand weapon {!r, unknown}
Potions
 l - 7 potions of flight {!q}
 m - 10 potions of curing {!q}
 o - 3 potions of brilliance {!q, unknown}
 z - 2 potions of agility {!q}
 E - 5 potions of lignification {!q}
 O - 2 potions of cure mutation {!q, unknown}
 Q - 3 potions of resistance {!q}
 S - 6 potions of ambrosia {!q}
 X - 3 potions of degeneration {!q, unknown}
 Z - a potion of beneficial mutation {!q, unknown}
Miscellaneous
 M - a box of beasts
 T - a phantom mirror
Comestibles
 b - 10 meat rations
 c - 11 bread rations
 g - 3 chunks of flesh
 s - 21 fruits
 w - a beef jerky
 J - a royal jelly

Dungeon Overview and Level Annotations

Branches:
Dungeon (15/15)            Temple (0/1) D:5            Lair (6/6) D:11
 Shoals (0/4) Lair:2       Spider (3/4) Lair:2        Slime (0/5) Lair:6
    Orc (0/2) D:11         Vaults (0/5) D:14         Depths (0/5) D:15

Altars:
Ashenzari
Cheibriados
Dithmenos
Elyvilon
Fedhas
Gozag
Hepliaklqana
Makhleb
Okawaru
Qazlal
Trog
Uskayaw
Jiyva

Shops:
D:6 (   D:11 [   D:12 (

Portals:
Trove: D:14 (give +3 ice dragon scales)

Annotations:
D:2 exclusion: downstairs
D:10 3 runed doors
D:11 exclusion: 2 downstairs
D:13 exclusion: 2 downstairs
D:14 exclusion: downstairs
Lair:1 exclusion: downstairs
Lair:2 exclusion: 2 downstairs
Lair:5 exclusion: 3 downstairs
Spider:2 exclusion: 2 downstairs
Abyss:1 Fannar, Harold

#...#.......ss###...##.#../...
#.......#...s@.<#............#
##..#..##..#............#.....
#.#.......###.#.......<..#....
#.#..#############.##......#.^
#.........[..##†>#......#.##.#
#.............................
#.....###.^...##..##...#......
##.......##...#...#....#.#....
#...#.#..######..#......##....
#.........####...≈.......#..#.
#....#.....##....##...^...#.^.
#..###...........#..#.#^.#....
#######..^..#....#.......#....
#....#....#.......#..#....
##............#..)####....
##.^#...#...#.....#####...


You could see a wolf spider, a jumping spider (berserk), a tarantella (berserk)
and a redback (berserk).


Message History

You block the jumping spider's attack. The jumping spider misses you.
You see here a jumping spider corpse.
The redback barely misses you. The jumping spider pounces on you.
You are caught in a web!
The wolf spider hisses angrily.
The jumping spider barely misses you.
There is a web, spattered with blood here.
Damage: -1%(-2hp) hp: 79%(118hp)
You disentangle yourself.
The redback barely misses you. The jumping spider barely misses you.
The jumping spider bites you but does no damage.
The moth of wrath angrily waves its antennae.
The moth of wrath goads the redback on!
The redback goes berserk!
The moth of wrath goads the jumping spider on!
The jumping spider goes berserk!
The redback bites you but does no damage.
You block the jumping spider's attack. The jumping spider closely misses you.
The redback bites you! The jumping spider pounces on you!!
* * * LOW HITPOINT WARNING * * *
You are caught in a web!
The jumping spider bites you but does no damage.
There is a web, spattered with blood here.
Huge Dmg: -22%(-33hp) hp: 57%(85hp)
You disentangle yourself.
You block the redback's attack.
The jumping spider pounces on you but does no damage.
You block the jumping spider's attack. The redback barely misses you.
The jumping spider pounces on you but does no damage.
The jumping spider bites you but does no damage.
The moth of wrath goads the tarantella on!
The tarantella goes berserk!
The jumping spider misses you. x2; You block the redback's attack.
You block the redback's attack.
The jumping spider completely misses you.
The jumping spider misses you.
The jumping spider leaps!
The jumping spider closely misses you.
The jumping spider bites you but does no damage.
The redback bites you!
* * * LOW HITPOINT WARNING * * *
Damage: -12%(-17hp) hp: 46%(69hp)
You block the redback's attack.
The jumping spider pounces on you but does no damage.
The jumping spider bites you but does no damage.
The tarantella barely misses you. The redback closely misses you.
The jumping spider barely misses you. You block the jumping spider's attack.
The tarantella completely misses you.
There is a stone staircase leading up here.
The redback bites you but does no damage.
The jumping spider pounces on you but does no damage.
The jumping spider bites you.
* * * LOW HITPOINT WARNING * * *
The tarantella barely misses you. You block the jumping spider's attack.
The jumping spider bites you but does no damage.
The redback misses you.
The jumping spider leaps!
The wolf spider hits you but does no damage.
You block the wolf spider's attack. The tarantella bites you.
* * * LOW HITPOINT WARNING * * *
The jumping spider pounces on you but does no damage.
The jumping spider bites you.
* * * LOW HITPOINT WARNING * * *
The redback bites you but does no damage.
You climb upwards.
Level annotation: exclusion: 2 downstairs
There is a stone staircase leading down here.
Huge Dmg: -10%(-15hp) hp: 37%(55hp) Hop to where?
Press: ? - help, Dir - move target cursor Boing!
The redback closely misses you.
The jumping spider rages.
You hear an angry hiss.
The jumping spider rages.
You block the redback's attack.
The redback bites you but does no damage.
The tarantella rages.
The redback misses you.
You hear an angry hiss.
You block the redback's attack. x2
You block the redback's attack. x2
The tarantella rages.
You hear an angry hiss.
The redback bites you but does no damage. x2
The tarantella bites you!
* * * LOW HITPOINT WARNING * * *
The redback bites you but does no damage.
The tarantella bites you but does no damage.
Damage: -6%(-9hp) hp: 32%(48hp)
The redback bites you!
* * * LOW HITPOINT WARNING * * *
You block the tarantella's attack. You block the jumping spider's attack.
The jumping spider bites you!
* * * LOW HITPOINT WARNING * * *
The redback bites you!
* * * LOW HITPOINT WARNING * * *
The tarantella closely misses you.
Huge Dmg: -17%(-26hp) hp: 15%(22hp) Really quaff
k - a potion of haste {!q}?
You feel yourself speed up. The redback bites you!!
* * * LOW HITPOINT WARNING * * *
The jumping spider pounces on you.
You die...

Vault maps used:
D:1:      dpeg_arrival_rhombi
D:2:      nicolae_ashenzari_panopticon
D:3:      fedhas_altar_3, grunt_qazlal_sundering
D:4:      hangedman_decor_slide_cut
D:5:      first_bread, uniq_menkaure, uniq_prince_ribbit1
D:6:      serial_shops, nicolae_shop_overgrown_old_shop, uniq_duvessa
D:7:      old_standard_altar, bloody_makhleb
D:8:      chequers_temple_overflow_minitemple,
          nicolae_ossuary_entry_false_entrances, basic_altar,
          hangedman_pestilent_swarm, okawaru_humans, uniq_grum
D:9:      lemuel_round_altar, uniq_maurice
D:10:     minmay_statue_crystal_thing
D:11:     grunt_lair_entry_orc_guard_hut, orc_david_3, elyvilon_altar_5,
          uniq_nergalle
D:12:     serial_shops, kennysheep_mini, kennysheep_pointless_box
D:13:     kennysheep_generic_room_10, uniq_urug
D:14:     erik_vaults_1, enter_trove_5, serial_park_tiny_1
D:15:     gammafunk_depths_entry_grave, minivault_24
Lair:1:   uniq_fannar
Lair:2:   beast_lair_carwin_large_3, minmay_shoals_entry_hut,
          spider_nest_entry_rubble, nicolae_volcano_entry_batcave,
          grunt_megastairs_2, uniq_harold
Lair:3:   serial_bayou_pond_c, minmay_holes, infiniplex_staircase_pool,
          grunt_megastairs_1
Lair:4:   serial_bayou_shore_a, uniq_nessos
Lair:5:   minivault_26, minivault_27
Lair:6:   hangedman_lair_caniforms_friends, slime_altar_1, special_room,
          hangedman_lair_generics_rect
Spider:1: nicolae_spider_webbed_stairs
Spider:2: portal_ice_cave_entry_pillars_1, spider_trap, minivault_29,
          uniq_roxanne
Spider:3: spider_trap
Ossuary:  ossuary_minmay_tomb_2a

Notes
Turn   | Place    | Note
-------+----------+-------------------------------------------
     0 | D:1      | hairmachine the Barachian Berserker began the quest for the Orb.
     0 | D:1      | Reached XP level 1. HP: 18/18 MP: 1/1
   100 | D:1      | Reached XP level 2. HP: 24/24 MP: 2/2
   527 | D:1      | Reached XP level 3. HP: 29/29 MP: 3/3
   918 | D:2      | Found a shattered altar of Ashenzari.
   950 | D:2      | Reached ** piety under Trog
  1251 | D:2      | Reached XP level 4. HP: 35/35 MP: 4/4
  1295 | D:2      | Reached skill level 5 in Maces & Flails
  1648 | D:3      | Found a stormy altar of Qazlal.
  1944 | D:3      | Found a blossoming altar of Fedhas.
  1976 | D:3      | Reached XP level 5. HP: 36/41 MP: 5/5
  2256 | D:4      | Reached *** piety under Trog
  2344 | D:4      | Reached XP level 6. HP: 35/47 MP: 6/6
  3159 | D:5      | Entered Level 5 of the Dungeon
  3269 | D:5      | Reached XP level 7. HP: 53/53 MP: 7/7
  3297 | D:5      | Noticed Menkaure
  3326 | D:5      | Killed Menkaure
  3326 | D:5      | Reached skill level 4 in Fighting
  3433 | D:5      | Noticed Prince Ribbit
  3480 | D:5      | Killed Prince Ribbit
  3667 | D:5      | Reached skill level 5 in Fighting
  3667 | D:5      | Reached XP level 8. HP: 62/62 MP: 8/8
  3912 | D:5      | Found a staircase to the Ecumenical Temple.
  4574 | D:6      | Reached **** piety under Trog
  4574 | D:6      | Reached skill level 5 in Armour
  5051 | D:6      | Found Amuisuho's Antique Weapon Boutique.
  5082 | D:6      | Received a gift from Trog
  5107 | D:6      | Noticed Duvessa
  5107 | D:6      | Noticed Dowan
  5122 | D:6      | Killed Duvessa
  5129 | D:6      | Killed Dowan
  5129 | D:6      | Reached skill level 6 in Fighting
  6163 | D:7      | Found a burning altar of Makhleb.
  6221 | D:7      | Reached XP level 9. HP: 71/71 MP: 9/9
  6418 | D:7      | Found a shadowy altar of Dithmenos.
  6680 | D:7      | Reached skill level 7 in Fighting
  7343 | D:8      | Found an iron altar of Okawaru.
  7408 | D:8      | Found an opulent altar of Gozag.
  7424 | D:8      | Found a sand-covered staircase.
  7429 | Ossuary  | Entered an ossuary
  7453 | Ossuary  | Received a gift from Trog
  7700 | D:8      | Noticed a hornet
  7805 | D:8      | Reached skill level 1 in Shields
  8022 | D:8      | Reached skill level 8 in Fighting
  8152 | D:8      | Reached XP level 10. HP: 62/80 MP: 10/10
  8314 | D:8      | Found a bloodstained altar of Trog.
  8314 | D:8      | Found a burning altar of Makhleb.
  8319 | D:8      | Found a snail-covered altar of Cheibriados.
  8321 | D:8      | Found an opulent altar of Gozag.
  8322 | D:8      | Found a hide-covered altar of Uskayaw.
  8726 | D:8      | Noticed Grum
  8835 | D:8      | Killed Grum
  9122 | D:9      | Noticed a two-headed ogre
  9372 | D:9      | Killed a two-headed ogre
  9372 | D:9      | Reached skill level 9 in Fighting
  9372 | D:9      | Reached skill level 10 in Maces & Flails
  9528 | D:9      | Noticed Maurice
  9583 | D:9      | Killed Maurice
  9938 | D:9      | Found a hazy altar of Hepliaklqana.
 10177 | D:10     | Entered Level 10 of the Dungeon
 10289 | D:10     | Noticed a cyclops
 10515 | D:10     | Found a runed door.
 10529 | D:10     | Found a runed door.
 10575 | D:10     | Reached skill level 5 in Shields
 10608 | D:10     | Reached XP level 11. HP: 77/88 MP: 11/11
 10617 | D:10     | Found a runed door.
 10645 | D:10     | Found a runed door.
 10881 | D:10     | Reached ***** piety under Trog
 10915 | D:10     | Killed a cyclops
 11493 | D:11     | Found a staircase to the Lair.
 11502 | Lair:1   | Entered Level 1 of the Lair of Beasts
 11510 | D:11     | Reached skill level 10 in Fighting
 11510 | D:11     | Reached skill level 10 in Armour
 11923 | Lair:1   | Noticed Fannar
 11930 | Lair:1   | Banished Fannar
 12754 | Lair:2   | Found a dark tunnel.
 12856 | Lair:2   | Noticed Harold
 13681 | Lair:2   | Found a hole to the Spider Nest.
 13714 | Lair:2   | Reached XP level 12. HP: 54/99 MP: 12/12
 14089 | Lair:2   | Banished Harold
 14089 | Lair:2   | Reached skill level 11 in Fighting
 14621 | Lair:2   | Noticed a four-headed hydra
 14898 | Lair:2   | Banished a four-headed hydra
 15104 | Lair:2   | Found a staircase to the Shoals.
 15592 | D:11     | Noticed Nergalle
 15785 | D:11     | Killed Nergalle
 16801 | Lair:3   | Noticed a death yak
 16836 | Lair:2   | Killed a death yak
 16930 | Lair:3   | Noticed a four-headed hydra
 16970 | Lair:2   | Reached skill level 12 in Fighting
 17637 | Lair:3   | Gained mutation: You can hop longer distances. [Barachian growth]
 17637 | Lair:3   | Reached XP level 13. HP: 86/109 MP: 13/13
 17832 | Lair:3   | Reached skill level 13 in Fighting
 19859 | Lair:4   | Noticed Nessos
 20190 | Lair:4   | Killed Nessos
 22157 | Lair:4   | You fall through a shaft for 2 floors!
 22157 | Lair:6   | Entered Level 6 of the Lair of Beasts
 22169 | Lair:6   | Found a staircase to the Slime Pits.
 22169 | Lair:6   | Found a viscous altar of Jiyva.
 22832 | Lair:5   | Received a gift from Trog
 23051 | Lair:5   | Reached skill level 14 in Fighting
 23611 | Lair:5   | Reached XP level 14. HP: 50/120 MP: 14/14
 26769 | D:11     | Found a white marble altar of Elyvilon.
 26833 | D:11     | Found a staircase to the Orcish Mines.
 26835 | D:11     | Found Zuonetama's Armour Shoppe.
 28454 | D:12     | Reached skill level 15 in Fighting
 28716 | D:12     | Found Gideecet's Weapon Emporium.
 30609 | D:12     | Upgraded the game from 0.20-a0-449-g96be121 to 0.20-a0-470-gbb038bd
 31360 | D:13     | Reached XP level 15. HP: 91/129 MP: 15/15
 31905 | D:13     | Noticed Urug
 31931 | D:13     | Killed Urug
 32077 | D:13     | Received a gift from Trog
 32599 | D:13     | Reached skill level 15 in Maces & Flails
 33281 | D:14     | Reached skill level 5 in Dodging
 33738 | D:14     | Found a gate to the Vaults.
 34162 | D:14     | Noticed a sphinx
 34183 | D:13     | Killed a sphinx
 34391 | D:14     | Found a portal to a secret trove of treasure.
 35216 | D:15     | Entered Level 15 of the Dungeon
 35295 | D:15     | Received a gift from Trog
 35726 | D:15     | Reached skill level 1 in Evocations
 35847 | D:15     | Found a staircase to the Depths.
 36265 | D:15     | Reached skill level 16 in Fighting
 37257 | D:15     | Reached XP level 16. HP: 59/138 MP: 18/18
 37714 | D:15     | Received a gift from Trog
 37777 | D:15     | Reached ****** piety under Trog
 38479 | Spider:1 | Entered Level 1 of the Spider Nest
 38621 | Spider:1 | Reached skill level 5 in Evocations
 39374 | Spider:1 | Received a gift from Trog
 39443 | Spider:1 | Reached skill level 10 in Shields
 40437 | Spider:1 | Reached skill level 17 in Fighting
 42131 | Spider:2 | Received a gift from Trog
 42860 | Spider:2 | Reached XP level 17. HP: 140/149 MP: 21/21
 42862 | Spider:2 | Noticed Roxanne
 43032 | Spider:2 | Received a gift from Trog
 43495 | Spider:2 | HP: 5/223 [demonic crawler (8)]
 43506 | Spider:2 | HP: 3/149 [demonic crawler (7)]
 44323 | Spider:2 | Killed Roxanne
 44323 | Spider:2 | Reached skill level 18 in Fighting
 44564 | Spider:2 | Identified Roxanne's Papyrus of Shape Shifting (You took it off Roxanne on level 2 of the Spider Nest)
 45589 | Spider:3 | Received a gift from Trog
 45607 | Spider:2 | HP: 2/150 [redback (20)]
 45607 | Spider:2 | Slain by a jumping spider

Vanquished Creatures
  A sphinx (D:13)
  Roxanne (Spider:2)
  A caustic shrike zombie (D:15)
  An emperor scorpion (Spider:1)
  5 entropy weavers
  Nessos (Lair:4)
  2 hydras
  A vault guard (D:14)
  A catoblepas (Lair:5)
  6 centaur warriors
  2 dancing weapons (D:13)
  A queen ant (Spider:2)
  An ogre mage (D:15)
  11 two-headed ogres
  A tengu warrior (D:13)
  A vampire mage (D:15)
  A death yak (Lair:2)
  Urug (D:13)
  Nergalle (D:11)
  8 skeletal warriors
  A wizard (D:14)
  A necromancer (D:15)
  A harpy (shapeshifter) (D:15)
  3 orc knights
  A wolf spider zombie (D:15)
  An orc sorcerer (D:15)
  7 cyclopes
  7 orb spiders
  2 deep elf magi
  16 wolf spiders
  A fire giant zombie (D:15)
  2 manticores
  16 ugly things
  Maurice (D:9)
  4 centaur zombies
  35 elephants
  8 black mambas
  9 spiny frogs
  4 gargoyles (D:14)
  A rime drake (D:11)
  6 komodo dragons
  5 demonic crawlers
  A kobold demonologist (D:15)
  A freezing wraith (D:15)
  3 polar bears (Lair:5)
  A tengu conjurer (D:13)
  3 meliai
  7 trolls
  Prince Ribbit (D:5)
  22 jumping spiders
  9 blink frogs
  7 hornets
  A snapping turtle (Lair:2)
  6 slime creatures (D:15)
  A deep troll zombie (D:15)
  6 hippogriffs
  A meliai zombie (D:12)
  2 shadows
  A vampire (D:14)
  3 wraiths
  74 redbacks
  28 tarantellas
  5 wyverns
  35 yaks
  A tarantella (shapeshifter) (D:12)
  A human (D:8)
  5 basilisks
  9 vampire mosquitoes
  Grum (D:8)
  2 fire bats (Lair:2)
  A hungry ghost (D:14)
  Menkaure (D:5)
  22 soldier ants
  An acid dragon (D:13)
  Duvessa (D:6)
  12 water moccasins
  9 porcupines
  An eye of draining (D:13)
  11 orc warriors
  2 phantoms
  4 ice beasts
  3 black bears
  6 ogres
  2 sky beasts
  4 necrophages
  3 wolves
  15 centaurs
  8 crocodiles
  4 big kobolds
  An elf zombie (Ossuary)
  21 bullfrogs
  A yaktaur zombie (D:15)
  A wyvern zombie (D:13)
  Dowan (D:6)
  A hornet simulacrum (D:15)
  6 scorpions
  6 killer bees (D:13)
  10 wights
  8 electric eels
  3 howler monkeys
  7 crimson imps
  A quasit (D:11)
  9 hounds
  A human zombie (Ossuary)
  5 orc priests
  3 bullfrog skeletons
  A bullfrog zombie (D:12)
  6 centaur skeletons
  4 jellies
  8 iguanas
  14 orc wizards
  24 worker ants
  A big kobold zombie (Ossuary)
  2 hound zombies
  A worker ant zombie (D:9)
  3 mummies (Ossuary)
  11 adders
  3 shadow imps
  2 oozes
  An adder zombie (Ossuary)
  2 adder skeletons
  A worm (D:2)
  A dart slug (D:2)
  11 leopard geckos
  60 orcs
  10 giant cockroaches
  7 goblins
  4 hobgoblins
  15 jackals
  18 kobolds
  7 quokkas
  4 ball pythons
  12 bats
  3 frilled lizards
  A goblin zombie (Ossuary)
  2 hobgoblin zombies (Ossuary)
  A kobold zombie (Ossuary)
  A leopard gecko skeleton (D:5)
  A leopard gecko zombie (D:5)
  2 orc zombies (Ossuary)
  A quokka zombie (D:5)
  5 rats
  2 rat zombies (Ossuary)
864 creatures vanquished.

Vanquished Creatures (collateral kills)
  An entropy weaver (Spider:2)
  2 skeletal warriors (D:12)
  A redback (Spider:1)
  7 soldier ants (Spider:2)
  A worker ant (Spider:2)
12 creatures vanquished.

Vanquished Creatures (others)
  2 spiny frogs (Lair:1)
  2 komodo dragons
  A troll (D:10)
  A blink frog (Lair:2)
  A hippogriff (D:8)
  2 yaks
  A wyvern (Lair:2)
  A human (D:8)
  A hungry ghost (D:11)
  A soldier ant (Spider:2)
  A water moccasin (Lair:1)
  A sky beast (D:9)
  A crocodile (Lair:1)
  A centaur (D:8)
  2 big kobolds
  2 bullfrogs
  A scorpion (D:11)
  A wight (D:9)
  A centaur skeleton (D:10)
  An iguana (Lair:2)
  An orc wizard (D:14)
  A worker ant (D:11)
  A mummy (Ossuary)
  An adder (D:8)
  An ooze (D:7)
  2 orcs
  A jackal (D:9)
  2 bushes (Lair:5)
  34 fungi
  34 plants
  4 withered plants (D:15)
107 creatures vanquished.

Grand Total: 983 creatures vanquished

Action                   |  1- 3 |  4- 6 |  7- 9 | 10-12 | 13-15 | 16-18 || total
-------------------------+-------+-------+-------+-------+-------+-------++-------
Melee: Mace              |    58 |       |   215 |   697 |       |       ||   970
       Whip              |    38 |   205 |   211 |   255 |   652 |       ||  1361
       Morningstar       |       |       |       |    18 |   562 |       ||   580
       Great mace        |       |       |       |       |   544 |       ||   544
       Eveningstar       |       |       |       |       |   266 |   849 ||  1115
 Fire: Blowgun           |       |       |     3 |       |       |       ||     3
Throw: Javelin           |       |       |     1 |    27 |    32 |    48 ||   108
Invok: Berserk           |     2 |     1 |     7 |    16 |    10 |     1 ||    37
       Burn Spellbooks   |       |     1 |     1 |     4 |       |     2 ||     8
       Trog's Hand       |       |       |     1 |     4 |     6 |     3 ||    14
       Brothers in Arms  |       |       |       |     1 |     3 |     3 ||     7
 Abil: Hop               |     1 |     3 |     3 |     5 |    13 |     6 ||    31
Evoke: Wand              |       |       |     5 |       |     2 |     4 ||    11
  Use: Scroll            |       |     1 |     7 |     8 |    12 |     5 ||    33
       Potion            |       |       |     1 |     2 |     4 |     3 ||    10
 Stab: Confused          |       |       |       |       |     1 |       ||     1
       Distracted        |       |       |       |       |       |     1 ||     1
       Paralysed         |       |       |       |       |       |     4 ||     4
  Eat: Chunk             |     4 |     8 |    15 |    29 |    61 |    30 ||   147
       Bread ration      |       |       |     2 |     3 |     1 |       ||     6
       Royal jelly       |       |       |       |     4 |     5 |       ||     9
       Beef jerky        |       |       |       |     1 |     2 |     1 ||     4
       Meat ration       |       |       |       |       |     1 |       ||     1
       Pizza             |       |       |       |       |     1 |       ||     1
Armor: Animal skin       |     3 |       |       |       |       |       ||     3
       Ring mail         |    37 |    20 |       |       |       |       ||    57
       Chain mail        |       |    76 |    47 |       |       |       ||   123
       Plate armour      |       |       |   136 |   447 |  1054 |   386 ||  2023
Dodge: Dodged            |    72 |   104 |   165 |   260 |   709 |   371 ||  1681
Block: Shield            |       |       |    25 |   403 |   759 |   452 ||  1639

Skill      XL: |  1  2  3  4  5  6  7  8  9 10 11 12 13 14 15 16 17 |
---------------+----------------------------------------------------+-----
Maces & Flails | 4 5 6 7 8 9 10 11 12 13 14 16 | 16.0
Armour         | 3 4 6 8 9 10 12 13 14 | 14.2
Fighting       | 5 6 8 9 10 12 14 15 16 17 18 | 18.2
Shields        | 2 5 7 8 9 11 12 | 12.3
Dodging        | 4 5 |  5.7
Evocations     | 3 6 |  6.0
